 Dungeon Crawl Stone Soup version 0.21.1-1-g345015fe64 (webtiles) character file.

141 Naru the Skirmisher (level 5, -7/47 HPs)
             Began as a Minotaur Fighter on June 16, 2018.
             Killed by divine providence
             ... invoked by an orc priest
              (11 damage)
             ... on level 2 of the Dungeon.
             The game lasted 00:03:23 (1518 turns).

Naru the Skirmisher (Minotaur Fighter)              Turns: 1518, Time: 00:03:24

Health: -7/47      AC:  8    Str: 20    XL:     5   Next: 3%
Magic:  4/4        EV:  7    Int:  5    God:
Gold:   95         SH:  9    Dex: 11    Spells: 4/4 levels left

rFire    . . .     SeeInvis .   a - +0 trident
rCold    . . .     Gourm    .   c - +0 shield
rNeg     . . .     Faith    .   b - +0 scale mail
rPois    .         Spirit   .   (helmet restricted)
rElec    .         Reflect  .   (no cloak)
rCorr    .         Harm     .   (no gloves)
MR       .....                  m - +0 pair of boots
Stlth    ..........             e - amulet of magic regeneration (curse)
HPRegen  0.15/turn              (no ring)
MPRegen  0.34/turn              (no ring)

@: no status effects
A: retaliatory headbutt, horns 2
a: no special abilities


You were on level 2 of the Dungeon.
You were not hungry.

You visited 1 branch of the dungeon, and saw 2 of its levels.

You collected 95 gold pieces.

Inventory:

Hand Weapons
 a - a +0 trident (weapon)
Armour
 b - a +0 scale mail (worn)
 c - a +0 shield (worn)
 m - a +0 pair of boots (worn)
Jewellery
 e - a cursed amulet of magic regeneration (around neck)
 h - a +4 amulet of reflection {unknown}
Scrolls
 j - a scroll of enchant armour {unknown}
 l - a scroll of remove curse {unknown}
 o - a scroll of identify {unknown}
 q - a scroll of enchant weapon {unknown}
 r - a scroll of noise {unknown}
Potions
 d - a potion of might
 g - 2 potions of mutation {unknown}
 i - a potion of cancellation {unknown}
 n - 4 potions of degeneration {unknown}
 p - a potion of flight {unknown}
Books
 k - a book of Minor Magic

   Spells                             Type                      Level
   a - Magic Dart                     Conjuration                  1
   b - Blink                          Translocation                2
   c - Call Imp                       Summoning                    2
   d - Slow                           Hexes                        2
   e - Conjure Flame                  Conjuration/Fire             3
   f - Mephitic Cloud                 Conjuration/Poison/Air       3
Comestibles
 f - 3 rations
 s - 2 chunks of flesh


   Skills:
 * Level 4.8 Fighting
 * Level 4.3 Polearms
 + Level 4.3 Armour
 + Level 0.5 Dodging
 + Level 4.2 Shields


You had 4 spell levels left.
You didn't know any spells.

Dungeon Overview and Level Annotations

Branches:
Dungeon (2/15)

Altars:
Gozag


Innate Abilities, Weirdness & Mutations

You reflexively headbutt those who attack you in melee.
You have a pair of horns on your head.


Message History

You hit the orc.
The orc is lightly wounded.
The orc hits you.
The orc priest invokes the aid of Beogh against you.
Beogh smites you!
* * * LOW HITPOINT WARNING * * *
You closely miss the orc.
The orc is lightly wounded.
You block the orc's attack.
You puncture the orc!
You kill the orc!
You feel sick.
You feel sick.
You are no longer poisoned.
You hit the orc.
The orc is heavily wounded.
The orc barely misses you.
The orc priest invokes the aid of Beogh against you.
Beogh smites you!
You die...

#........# ......#
#........# .....
#........# ...
#........# #)#
#......>.# #o#
.........# #.#
.........# ##o#
#..############.o#
<#.# #.......@#
...# ##........#
)..#####.........#
.....#....####...##
...#.#._..# ##...#
..#......## ##..#
......#..### #..#
...........#
##..########
...........##
#..........#


You could see an orc priest and 2 orcs.

Vanquished Creatures
  2 adders (D:2)
  4 gnolls (D:2)
  An ooze (D:2)
  2 worms (D:2)
  3 dart slugs (D:1)
  4 leopard geckos
  2 orcs (D:2)
  4 bats
  3 giant cockroaches
  6 goblins
  6 hobgoblins
  7 jackals (D:2)
  6 kobolds
  A quokka (D:2)
  A ball python (D:2)
  5 frilled lizards
  4 rats
61 creatures vanquished.

Notes
Turn   | Place    | Note
-------+----------+-------------------------------------------
     0 | D:1      | Naru the Minotaur Fighter began the quest for the Orb.
     0 | D:1      | Reached XP level 1. HP: 19/19 MP: 0/0
   110 | D:1      | Reached XP level 2. HP: 23/27 MP: 1/1
   430 | D:1      | Reached XP level 3. HP: 30/33 MP: 2/2
   687 | D:2      | Found an opulent altar of Gozag.
   890 | D:2      | Reached XP level 4. HP: 27/41 MP: 3/3
  1507 | D:2      | Reached XP level 5. HP: 32/47 MP: 4/4
  1518 | D:2      | Killed from afar by an orc priest

Skill      XL: |  1  2  3  4 |
---------------+-------------+-----
Fighting       | 4 |  4.8
Armour         | 4 |  4.3
Shields        | 4 |  4.2
Polearms       | 3 4 |  4.3
Dodging        | |  0.5

Action                   |  1- 3 |  4- 6 || total
-------------------------+-------+-------++-------
Melee: Trident           |   141 |    55 ||   196
       Headbutt          |    18 |     8 ||    26
  Eat: Chunk             |       |     2 ||     2
Armor: Scale mail        |    48 |    20 ||    68
Dodge: Dodged            |    38 |    12 ||    50
Block: Shield            |    65 |    20 ||    85
